 Dungeon Crawl Stone Soup version 0.28-a0-94-g325244837d (webtiles) character file.

Game seed: 824979619061545662

70 pokeman the Magician (level 4, -2/25 HPs)
             Began as a Deep Elf Hedge Wizard on Aug 8, 2021.
             Killed by miscasting Mephitic Cloud (5 damage)
             ... on level 2 of the Dungeon.
             The game lasted 00:03:17 (2135 turns).

pokeman the Magician (Deep Elf Hedge Wizard)        Turns: 2135, Time: 00:03:19

Health: -2/25      AC:  3    Str:  7    XL:     4   Next: 3%
Magic:  0/13       EV: 12    Int: 20    God:
Gold:   20         SH:  0    Dex: 14    Spells: 2/13 levels left

rFire   . . .      SeeInvis .   h - +1 short sword (drain)
rCold   . . .      Faith    .   (no shield)
rNeg    . . .      Spirit   .   b - +0 robe
rPois   .          Reflect  .   c - +0 hat
rElec   .          Harm     .   (no cloak)
rCorr   .          Rampage  .   (no gloves)
Will    .....                   q - +0 pair of boots
Stlth   ++........              (no amulet)
HPRegen 0.08/turn               (no ring)
MPRegen 0.13/turn               (no ring)

@: very slightly contaminated
A: no striking features
a: no special abilities


You were on level 2 of the Dungeon.
You visited 1 branch of the dungeon, and saw 2 of its levels.

You collected 20 gold pieces.

Inventory:

Hand Weapons
 h - a +1 short sword of draining (weapon)
Missiles
 i - 25 arrows
Armour
 b - a +0 robe (worn)
 c - a +0 hat (worn)
 q - a +0 pair of boots (worn)
Magical Staves
 j - a staff of poison
Scrolls
 a - a scroll of identify {unknown}
 e - a scroll of amnesia {unknown}
 f - a scroll of noise {unknown}
 g - a scroll of fog {unknown}
 k - a scroll of blinking {unknown}
Potions
 d - 2 potions of heal wounds {unknown}
 l - a potion of curing {unknown}
 m - 2 potions of haste {unknown}
 n - 2 potions of ambrosia {unknown}
 o - a potion of cancellation {unknown}
 p - a potion of brilliance {unknown}


   Skills:
 - Level 1.0 Fighting
 - Level 1.0 Armour
 + Level 2.5 Dodging
 - Level 2.4 Stealth
 * Level 5.4 Spellcasting
 + Level 2.1 Conjurations
 - Level 1.1 Summonings
 - Level 1.1 Translocations
 + Level 0.2 Poison Magic


You had 2 spell levels left.
You knew the following spells:

 Your Spells              Type           Power      Damage    Failure   Level
a - Magic Dart            Conj           56%        1d5       4%          1
b - Mephitic Cloud        Conj/Pois/Air  8%         N/A       24%         3
c - Call Imp              Summ           9%         N/A       11%         2
d - Blink                 Tloc           N/A        N/A       11%         2
e - Conjure Flame         Conj/Fire      9%         6-21      22%         3

Your spell library contained the following spells:

 Spells                   Type           Power      Damage    Failure   Level
 Slow                     Hex            5%         N/A       17%         2


Dungeon Overview and Level Annotations

Branches:
Dungeon (2/15)

Altars:
The Shining One


Message History

You feel clever.
You hit the endoplasm.
The endoplasm is lightly wounded.
The endoplasm hits you.
* * * LOW HITPOINT WARNING * * *
The endoplasm jiggles.
There is a stone staircase leading up here.
Casting: Magic Dart (safe; 4% risk of failure)
Confirm with . or Enter, or press ? or * to list all spells.
A beastly little devil appears in a puff of flame.
The endoplasm freezes you.
You are frozen.
* * * LOW HITPOINT WARNING * * *
Unknown command.
Something barely misses your crimson imp.
Casting: Call Imp (safe; 11% risk of failure)
Confirm with . or Enter, or press ? or * to list all spells.
A beastly little devil appears in a puff of flame.
The endoplasm closely misses you.
Your crimson imp hits the endoplasm.
Unknown command.
You swap places.
The endoplasm barely misses your crimson imp.
Your crimson imp hits the endoplasm.
Your crimson imp hits the endoplasm but does no damage.
The endoplasm misses your crimson imp.
Your crimson imp hits the endoplasm. x2
The endoplasm dies!
The worm bites your crimson imp.
Your crimson imp hits the worm but does no damage.
Your crimson imp blinks!
The worm misses your crimson imp.
Your crimson imp hits the worm.
Casting: Call Imp (safe; 11% risk of failure)
Confirm with . or Enter, or press ? or * to list all spells.
The spell is extremely dangerous to cast (24% risk of failure)!
Continue anyway?
Aiming: Mephitic Cloud (extremely dangerous; 24% risk of failure)
Press: ? - help, Shift-Dir - straight line, f/p - worm
Aim: a worm (lightly wounded, heavily drained, ally target, chance to affect: 91%)
You miscast Mephitic Cloud.
You are very lightly contaminated with residual magic.
There is a short, sharp shower of sparks.
You die...

#.###.#....# #.# #.#
#.#.#..# #.# #.#
#.#.##.# #.# #.#
#.#.##.###.# #.#
#.#.#.<.##.#
##.###.#......#.#
#...............# .###
######..#.###....>.###
##...# #.w5..@.5.#
#.....## .#.....
#.####....#.#.#####
.......
#.####†#......#
.......
#w##.....##.###
....... #..†.....####
.#.....##........#
..........._.....#
...............#.#
...............#.#


You could see a worm (drained, ally target) and 2 friendly crimson imps.

Vanquished Creatures
  2 adders (D:2)
  3 dart slugs
  4 ball pythons (D:1)
  5 bats
  4 endoplasms
  2 giant cockroaches (D:1)
  7 goblins
  4 hobgoblins (D:1)
  2 jackals (D:1)
  A kobold (D:1)
  A quokka (D:2)
  A frilled lizard (D:1)
  4 rats
40 creatures vanquished.

Vanquished Creatures (collateral kills)
  An endoplasm (D:2)
1 creature vanquished.

Grand Total: 41 creatures vanquished

Notes
Turn   | Place    | Note
-------+----------+-------------------------------------------
     0 | D:1      | pokeman the Deep Elf Hedge Wizard began the quest for the
                  | Orb.
     0 | D:1      | Reached XP level 1. HP: 10/10 MP: 7/7
   214 | D:1      | Reached XP level 2. HP: 16/16 MP: 5/9
   913 | D:1      | Reached skill level 5 in Spellcasting
  1016 | D:1      | Reached XP level 3. HP: 20/20 MP: 7/11
  1899 | D:2      | Reached skill level 1 in Fighting
  1941 | D:2      | Reached skill level 1 in Armour
  1945 | D:2      | Learned a level 3 spell: Mephitic Cloud
  1948 | D:2      | Learned a level 2 spell: Call Imp
  1951 | D:2      | Learned a level 2 spell: Blink
  1955 | D:2      | Learned a level 3 spell: Conjure Flame
  2030 | D:2      | Found a glowing golden altar of the Shining One.
  2122 | D:2      | Reached XP level 4. HP: 9/25 MP: 5/13
  2135 | D:2      | Killed by miscasting Mephitic Cloud

Illustrated notes

Levels and vault maps discovered:
D:1:      lemuel_arrival_behind_the_door_small, layout_loops_corners,
          columned_hall_lemuel, st_stairs_10
D:2:      layout_loops_ring, basic_altar

Skill      XL: |  1  2  3 |
---------------+----------+-----
Spellcasting   | 5 |  5.4
Fighting       | 1 |  1.0
Armour         | 1 |  1.0
Conjurations   | 2 |  2.1
Dodging        | |  2.5
Stealth        | |  2.4
Summonings     | |  1.1
Translocations | |  1.1
Poison Magic   | |  0.2

Action                   |  1- 3 |  4- 6 || total
-------------------------+-------+-------++-------
Melee: Dagger            |     5 |       ||     5
       Short sword       |    10 |     1 ||    11
 Cast: Magic Dart        |   114 |       ||   114
       Mephitic Cloud    |     1 |       ||     1
       Call Imp          |       |     2 ||     2
 Stab: Sleeping          |     1 |       ||     1
       Confused          |     1 |       ||     1
Armor: Robe              |     8 |       ||     8
Dodge: Dodged            |    18 |     1 ||    19

Table legend: (Time is in decaauts)
 A = Elapsed time spent in this place.
 B = Non-inter-level travel time spent in this place.
 C = Inter-level travel time spent in this place.
 D = Time resting spent in this place.
 E = Time spent auto-exploring this place.
 F = Levels seen in this place.
 G = Mean time per level.
                   A        B        C        D        E       F      G
               +--------+--------+--------+--------+--------+-----+--------+
         Total |   2134 |   2119 |     15 |     29 |   1833 |   2 | 1067.0 |
       Dungeon |   2134 |   2119 |     15 |     29 |   1833 |   2 | 1067.0 |
               +--------+--------+--------+--------+--------+-----+--------+

Top non-repeatable levels by time:
     D:1: 1559 daAuts
     D:2: 575 daAuts
